 Dungeon Crawl Stone Soup version 0.29-a0-555-g3b24f45cc1 (webtiles) character file.

Game seed: 4661219835262711041

65 DocClef the Covert (level 4, -3/35 (41) HPs)
             Began as a Gnoll Delver on June 7, 2022.
             Slain by Edmund
             ... wielding a +1 flail of draining
              (4 damage)
             ... on level 5 of the Dungeon.
             The game lasted 00:00:34 (691 turns).

DocClef the Covert (Gnoll Delver)                    Turns: 691, Time: 00:00:35

HP:   -3/35 (41)    AC:  3    Str: 13    XL:     4   Next: 14%
MP:   5/5           EV: 13    Int:  9    God:
Gold: 41            SH:  0    Dex: 14    Spells: 5/5 levels left

rFire   . . .      SeeInvis .   a - +0 short sword
rCold   . . .      Faith    .   (no shield)
rNeg    . . .      Spirit   .   b - +0 leather armour
rPois   .          Reflect  .   (no helmet)
rElec   .          Harm     .   (no cloak)
rCorr   .          Rampage  .   (no gloves)
Will    .....                   (no boots)
Stlth   ++++......              (no amulet)
HPRegen 0.11/turn               (no ring)
MPRegen 0.09/turn               (no ring)

@: heavily drained
A: fangs 1, strong nose, distributed training
a: no special abilities


You were on level 5 of the Dungeon.
You visited 1 branch of the dungeon, and saw 1 of its levels.

You collected 41 gold pieces.

Inventory:

Hand Weapons
 a - a +0 short sword (weapon)
Armour
 b - a +0 leather armour (worn)
Wands
 g - a wand of digging (3)
Scrolls
 c - a scroll of fog
 d - a scroll of magic mapping
 e - a scroll of fear
 h - a scroll of immolation {unknown}
 i - a scroll of identify {unknown}
 j - 3 scrolls of amnesia {unknown}
Potions
 f - a potion of haste
 k - a potion of ambrosia {unknown}


   Skills:
 + Level 6.6 Fighting
 + Level 4.6 Short Blades
 + Level 1.0 Long Blades
 + Level 1.0 Axes
 + Level 1.0 Maces & Flails
 + Level 1.0 Polearms
 + Level 1.0 Staves
 + Level 1.0 Slings
 + Level 1.0 Bows
 + Level 1.0 Crossbows
 + Level 1.0 Throwing
 + Level 1.0 Armour
 + Level 4.6 Dodging
 + Level 9.6 Stealth
 + Level 1.0 Shields
 + Level 1.0 Unarmed Combat
 + Level 1.0 Spellcasting
 + Level 0.8 Conjurations
 + Level 0.8 Hexes
 + Level 0.8 Summonings
 + Level 0.8 Necromancy
 + Level 0.8 Translocations
 + Level 0.8 Transmutations
 + Level 0.8 Fire Magic
 + Level 0.8 Ice Magic
 + Level 0.8 Air Magic
 + Level 0.8 Earth Magic
 + Level 0.8 Poison Magic
 + Level 1.1 Invocations
 + Level 1.0 Evocations


You had 5 spell levels left.
You didn't know any spells.
Your spell library was empty.

Dungeon Overview and Level Annotations

Branches:
Dungeon (5/15)
 Temple: D:4-7

Altars:

Annotations:
D:5 Edmund


Innate Abilities, Weirdness & Mutations

You have very sharp teeth.
Your uncanny sense of smell can sniff out nearby items.
Your experience applies equally to all skills.


Message History

Edmund closely misses you.
Unknown command.
You closely miss Edmund. You bite Edmund.
Edmund is almost dead.
Edmund closely misses you.
You hit Edmund but do no damage.
Edmund is almost dead.
You hit Edmund but do no damage.
Edmund is almost dead.
Edmund hits you with a +1 flail of draining!
You feel drained.
You barely miss Edmund.
Edmund is almost dead.
Edmund hits you with a +1 flail of draining!
You feel drained.
You are too injured to fight recklessly!
You are too injured to fight recklessly!
You are too injured to fight recklessly!
You are too injured to fight recklessly!
You are too injured to fight recklessly!
You are too injured to fight recklessly!
You are too injured to fight recklessly!
You are too injured to fight recklessly!
You are too injured to fight recklessly!
You are too injured to fight recklessly!
You are too injured to fight recklessly!
You are too injured to fight recklessly!
You are too injured to fight recklessly!
You are too injured to fight recklessly!
You are too injured to fight recklessly!
You are too injured to fight recklessly!
You are too injured to fight recklessly!
You are too injured to fight recklessly!
You are too injured to fight recklessly!
You hit Edmund. You bite Edmund, but do no damage.
Edmund is almost dead.
Edmund hits you with a +1 flail of draining!
* * * LOW HITPOINT WARNING * * *
You feel drained.
You die...

#..... ... #..... ..
#..... ## #. ##....
##.##.### ###....
........# #......
........#....s...#......
......@.#........#......
.......@#........#......
........+........#......
..#######'#........#.....#
..##.##...#........#'#####
..........#........#.....#
..........+........#.....#
..........#........#.....#
..........#.....(..#.....#
..........#........#.....#


You could see Edmund.

Vanquished Creatures
  2 hounds (D:5)
  A worm (D:5)
  2 jackals (D:5)
5 creatures vanquished.

Notes
Turn   | Place    | Note
-------+----------+-------------------------------------------
     0 | D:5      | Reached skill level 9 in Stealth
     0 | D:5      | DocClef the Gnoll Delver began the quest for the Orb.
     0 | D:5      | Reached XP level 1. HP: 23/23 MP: 1/1
   548 | D:5      | Noticed a hound
   555 | D:5      | Killed a hound
   556 | D:5      | Reached XP level 2. HP: 29/29 MP: 1/3
   556 | D:5      | Reached XP level 3. HP: 35/35 MP: 1/4
   638 | D:5      | Noticed a scorpion
   666 | D:5      | Reached skill level 1 in Long Blades
   666 | D:5      | Reached skill level 1 in Axes
   666 | D:5      | Reached skill level 1 in Maces & Flails
   666 | D:5      | Reached skill level 1 in Polearms
   666 | D:5      | Reached skill level 1 in Staves
   666 | D:5      | Reached skill level 1 in Slings
   666 | D:5      | Reached skill level 1 in Bows
   666 | D:5      | Reached skill level 1 in Crossbows
   666 | D:5      | Reached skill level 1 in Throwing
   666 | D:5      | Reached skill level 1 in Armour
   666 | D:5      | Reached skill level 1 in Shields
   666 | D:5      | Reached skill level 1 in Unarmed Combat
   666 | D:5      | Reached skill level 1 in Spellcasting
   666 | D:5      | Reached skill level 1 in Invocations
   666 | D:5      | Reached skill level 1 in Evocations
   666 | D:5      | Reached XP level 4. HP: 34/41 MP: 5/5
   682 | D:5      | Noticed Edmund
   691 | D:5      | HP: 1/37 [Edmund/+1 flail of draining (12)]
   691 | D:5      | Slain by Edmund

Illustrated notes

Levels and vault maps discovered:
D:5:      layout_gridville, uniq_edmund

Skill      XL: |  1  2  3 |
---------------+----------+-----
Stealth        | |  9.6
Long Blades    | 1 |  1.0
Axes           | 1 |  1.0
Maces & Flails | 1 |  1.0
Polearms       | 1 |  1.0
Staves         | 1 |  1.0
Slings         | 1 |  1.0
Bows           | 1 |  1.0
Crossbows      | 1 |  1.0
Throwing       | 1 |  1.0
Armour         | 1 |  1.0
Shields        | 1 |  1.0
Unarmed Combat | 1 |  1.0
Spellcasting   | 1 |  1.0
Invocations    | 1 |  1.1
Evocations     | 1 |  1.0
Fighting       | |  6.6
Short Blades   | |  4.6
Dodging        | |  4.6
Conjurations   | |  0.8
Hexes          | |  0.8
Summonings     | |  0.8
Necromancy     | |  0.8
Translocations | |  0.8
Transmutations | |  0.8
Fire Magic     | |  0.8
Ice Magic      | |  0.8
Air Magic      | |  0.8
Earth Magic    | |  0.8
Poison Magic   | |  0.8

Action                   |  1- 3 |  4- 6 || total
-------------------------+-------+-------++-------
Melee: Short sword       |    56 |     6 ||    62
       Bite              |     6 |     2 ||     8
 Stab: Sleeping          |     1 |     1 ||     2
Armor: Leather armour    |    18 |       ||    18
Dodge: Dodged            |    35 |     2 ||    37

Table legend: (Time is in decaauts)
 A = Elapsed time spent in this place.
 B = Non-inter-level travel time spent in this place.
 C = Inter-level travel time spent in this place.
 D = Time resting spent in this place.
 E = Time spent auto-exploring this place.
 F = Levels seen in this place.
 G = Mean time per level.
                   A        B        C        D        E       F      G
               +--------+--------+--------+--------+--------+-----+--------+
         Total |    683 |    683 |      0 |    232 |    310 |   1 |  683.0 |
       Dungeon |    683 |    683 |      0 |    232 |    310 |   1 |  683.0 |
               +--------+--------+--------+--------+--------+-----+--------+

Top non-repeatable levels by time:
     D:5: 683 daAuts
